Map: Terrasses de Prion

Players

Senryakku - Winner!

  • Race: Terran Terran
  • League: Diamond

ElAlbañilTHC

  • Race: Zerg Zerg
  • League: Diamond

VOD

Have the link to the VOD?

Description

Time

  • Played on: Dec. 1, 2015, 5:17 p.m.
  • Length: 7:37
Show
View Real Time Build Order
Export as new Build Order

Senryakku Terran - Winner!

Build Orders: Hellion Banshee 

Get SALT Encoding   

  12  0:01  SCV  
  13  0:13  SCV  
  14  0:17  Supply Depot  
  14  0:25  SCV  
  15  0:39  SCV  
  15  0:41  Barracks  
  16  0:51  SCV  
  17  1:03  SCV  
  18  1:15  SCV  
  19  1:28  Marine  
  19  1:29  Orbital Command  
  20  1:33  Command Center  
  20  1:41  Refinery  
  20  1:43  Refinery  
  20  1:46  Marine  
  21  1:51  Supply Depot  
  21  1:55  SCV  
  22  2:06  Marine  
  23  2:12  SCV  
  24  2:24  SCV, Marine  
  24  2:26  Factory  
  26  2:36  Bunker  
  26  2:41  SCV  
  27  2:47  Barracks Reactor, Orbital Command  
  27  2:54  SCV  
  28  3:07  SCV  
  28  3:08  Supply Depot  
  29  3:12  Starport  
  29  3:16  Starport  
  29  3:17  SCV  
  30  3:20  SCV  
  31  3:33  Supply Depot  
  32  3:34  SCV x2  
  32  3:36  Hellion x2  
  37  3:45  Refinery  
  37  3:46  Refinery  
  37  3:47  SCV x2  
  39  3:49  Starport Tech Lab  
  39  3:52  Starport Tech Lab  
  39  3:59  SCV x2  
  41  4:11  Banshee x2  
  41  4:16  Hellion x2  
  51  4:23  SCV, Cloaking Field  
  52  4:26  Supply Depot  
  52  4:30  SCV  
  53  4:51  SCV  
  53  4:52  SCV  
  59  4:53  Hellion x2  
  59  4:56  Supply Depot  
  59  4:58  Banshee x2  
  63  5:14  SCV x2  
  65  5:16  Hellion x2  
  65  5:21  Supply Depot  
  69  5:26  SCV x2  
  71  5:37  Command Center  
  71  5:46  SCV  
  71  5:47  SCV, Banshee x2  
  79  6:00  Widow Mine x2  
  79  6:03  SCV  
  79  6:04  SCV  
  85  6:06  Supply Depot, Factory, Starport  
  81  6:33  Widow Mine x2  
  81  6:35  Banshee x2  
  75  7:02  Factory Tech Lab  
  75  7:03  Starport Reactor  
  72  7:10  Bunker  
  70  7:20  Supply Depot  
  70  7:21  Armory  
Show
View Real Time Build Order
Export as new Build Order

ElAlbañilTHC Zerg 

Build Orders: Hatch First 

Get SALT Encoding   

  12  0:02  Drone  
  13  0:12  Overlord  
  13  0:18  Drone  
  14  0:30  Drone  
  14  0:31  Drone  
  14  0:34  Drone  
  17  0:52  Hatchery  
  17  0:55  Drone  
  17  1:09  Spawning Pool  
  16  1:11  Drone  
  16  1:15  Drone  
  16  1:18  Drone  
  19  1:28  Drone  
  20  1:39  Drone  
  21  1:56  Drone  
  22  2:04  Queen, Zergling x2  
  22  2:05  Overlord, Queen  
  27  2:12  Zergling x2  
  28  2:23  Drone  
  28  2:24  Drone  
  30  2:31  Drone  
  30  2:36  Drone, Overlord  
  32  2:40  Queen x2  
  36  2:50  Overlord x2  
  36  2:54  Extractor  
  36  2:55  Extractor  
  33  2:59  Drone  
  33  3:00  Drone  
  33  3:04  Drone  
  36  3:15  Drone  
  36  3:16  Drone  
  36  3:19  Drone  
  39  3:25  Hatchery  
  39  3:26  Overlord  
  38  3:30  Drone  
  39  3:38  Lair, Drone  
  39  3:41  Drone  
  41  3:44  Extractor  
  41  3:45  Extractor  
  41  3:48  Evolution Chamber, Drone  
  40  3:50  Roach Warren, Drone  
  40  3:51  Drone  
  40  3:54  Drone  
  41  3:56  Drone  
  41  3:59  Drone  
  43  4:04  Drone  
  43  4:07  Drone x2  
  43  4:09  Drone  
  47  4:15  Zerg Missile Weapons Level 1  
  46  4:32  Roach x4  
  46  4:36  Glial Reconstitution  
  51  4:52  Drone  
  50  4:53  Drone x4  
  50  4:57  Zergling x2  
  55  5:01  Overlord  
  55  5:03  Overlord  
  55  5:10  Overlord  
  55  5:16  Drone  
  55  5:17  Drone x2  
  55  5:18  Drone  
  55  5:19  Drone  
  60  5:24  Overlord  
  60  5:27  Overlord  
  60  5:31  Overlord  
  60  5:35  Drone  
  58  5:46  Roach  
  58  5:47  Roach x4  
  66  5:53  Roach  
  66  5:54  Roach  
  70  6:02  Roach  
  70  6:03  Roach  
  74  6:10  Overlord  
  73  6:20  Ravager x3  
  73  6:21  Ravager  
  73  6:23  Roach  
  79  6:26  Ravager x5  
  79  6:31  Spore Crawler  
  74  6:32  Spore Crawler  
  74  6:39  Roach  
  67  6:40  Roach x3  
  67  6:42  Roach  
  43  7:03  Drone x3  
  43  7:05  Drone  
  39  7:11  Overseer  
  35  7:17  Drone  
  35  7:21  Drone  
Tags
 
Add a new tag
Caveats
  • Supply blocks, unpowered buildings, or Contaminate may cause inaccurate times.
  • Supply counts are checked every 10 seconds.